Map: Blood Boil LE

Players

Juxtapose

  • Race: Zerg Zerg
  • Spawn Location: 11:00

IdrA - Winner!

  • Race: Zerg Zerg
  • League: Platinum
  • Spawn Location: 5:00

VOD

https://youtu.be/kHSLbJAv5N4

Description

This level of Zerg versus Zerg early aggression is something I did not face too often in Unranked, and clearly I wasn't prepared for it here.

Time

  • Played on: July 16, 2017, 2:58 p.m.
  • Length: 6:26
Show
View Real Time Build Order
Export as new Build Order

Juxtapose Zerg 

Build Orders: Pool First 

Get SALT Encoding   

  12  0:00  Unknown  
  12  0:01  Drone  
  13  0:13  Overlord  
  13  0:19  Drone  
  14  0:32  Drone x2  
  16  0:38  Overlord  
  16  0:51  Spawning Pool  
  16  0:53  Drone  
  16  1:02  Drone  
  17  1:07  Extractor  
  17  1:08  Drone  
  17  1:18  Drone  
  18  1:33  Drone  
  18  1:34  Hatchery  
  18  1:44  Drone  
  18  1:45  Queen  
  21  1:54  Drone  
  22  2:07  Drone  
  23  2:10  Extractor  
  22  2:16  Zergling x2  
  23  2:26  Drone  
  24  2:36  Drone  
  25  2:46  Zergling x2  
  26  2:58  Baneling Nest  
  25  2:59  Drone  
  25  3:01  Zergling x4  
  25  3:02  Queen  
  25  3:04  Drone x2  
  32  3:11  Queen  
  34  3:14  Zergling x4  
  36  3:23  Metabolic Boost  
  35  3:38  Overlord  
  35  3:39  Overlord  
  35  3:56  Queen  
  35  3:58  Zergling x8  
  35  4:00  Zergling x6  
  40  4:12  Spine Crawler  
  28  4:27  Zergling x2  
  28  4:28  Zergling x8  
  28  4:31  Queen  
  32  4:33  Queen  
  36  4:40  Zergling x4  
  38  4:48  Baneling x2  
  38  4:50  Baneling  
  35  5:01  Zergling x4  
  35  5:02  Zergling x6  
  36  5:12  Zergling x8  
  22  5:29  Zergling x4  
  22  5:42  Drone  
  23  5:52  Baneling x3  
Show
View Real Time Build Order
Export as new Build Order

IdrA Zerg - Winner!

Build Orders: Hatch First, Zergling Baneling 

Get SALT Encoding   

  12  0:00  Unknown  
  12  0:02  Drone  
  13  0:12  Overlord  
  13  0:20  Drone  
  14  0:31  Drone x2  
  16  0:53  Hatchery  
  16  0:56  Drone  
  16  1:00  Drone  
  16  1:03  Drone  
  18  1:09  Extractor  
  17  1:23  Spawning Pool  
  16  1:32  Drone x3  
  19  1:42  Overlord  
  19  1:53  Drone  
  20  2:11  Queen  
  20  2:12  Queen  
  24  2:15  Metabolic Boost  
  24  2:18  Drone  
  24  2:20  Drone  
  26  2:24  Drone  
  26  2:27  Drone  
  28  2:30  Drone  
  28  2:34  Drone  
  28  2:37  Drone  
  31  2:42  Overlord  
  31  2:48  Baneling Nest  
  30  2:54  Drone x2  
  30  2:58  Zergling x2  
  33  3:02  Zergling x2  
  34  3:11  Zergling x4  
  36  3:21  Zergling x2  
  36  3:22  Zergling x6  
  36  3:23  Zergling x6  
  43  3:33  Zergling x2  
  44  3:39  Overlord x2  
  44  3:53  Roach Warren  
  44  3:54  Lair  
  44  3:55  Zergling x2  
  44  4:00  Baneling x4  
  44  4:09  Zergling x8  
  46  4:10  Zergling x10  
  43  4:25  Zergling x6  
  44  4:32  Zergling x2  
  45  4:41  Baneling x2  
  45  4:44  Zergling x4  
  47  4:48  Baneling x2  
  43  5:07  Zergling x4  
  43  5:08  Zergling x14  
  43  5:09  Zergling x2  
  51  5:19  Zergling x4  
  50  5:28  Drone  
  48  5:29  Zergling x8  
  48  5:34  Zergling x2  
  48  5:35  Zergling x4  
  51  5:40  Baneling  
  51  5:41  Baneling  
  51  5:42  Baneling x4  
  51  5:44  Zergling x4  
  53  5:58  Zergling x2  
  53  5:59  Zergling x10  
  53  6:02  Overlord  
  53  6:03  Overlord x2  
Tags
 
Add a new tag
Caveats
  • Supply blocks, unpowered buildings, or Contaminate may cause inaccurate times.
  • Supply counts are checked every 10 seconds.